 Dungeon Crawl Stone Soup version 0.23.2-40-g277498a001 (webtiles) character file.

Game seed: 18260009757756782777

41 Folks the Conjurer (level 3, -1/26 HPs)
             Began as a Demigod Conjurer on Aug 14, 2019.
             Slain by a gnoll
             ... wielding a +0 flail
              (10 damage)
             ... on level 1 of the Dungeon.
             The game lasted 00:04:05 (1591 turns).

Folks the Conjurer (Demigod Conjurer)               Turns: 1591, Time: 00:04:06

Health: -1/26      AC:  2    Str: 11    XL:     3   Next: 16%
Magic:  7/10       EV: 12    Int: 21    God:
Gold:   73         SH:  0    Dex: 16    Spells: 4/7 levels left

rFire    . . .     SeeInvis .   e - +0 dagger
rCold    . . .     Gourm    .   (no shield)
rNeg     . . .     Faith    .   a - +0 robe
rPois    .         Spirit   .   (no helmet)
rElec    .         Reflect  .   (no cloak)
rCorr    .         Harm     .   (no gloves)
MR       .....                  (no boots)
Stlth    ++........             (no amulet)
HPRegen  0.08/turn              (no ring)
MPRegen  0.12/turn              (no ring)

@: no status effects
A: high mp 1
a: no special abilities


You were on level 1 of the Dungeon.
You were not hungry.

You visited 1 branch of the dungeon, and saw 2 of its levels.

You collected 73 gold pieces.

Inventory:

Hand Weapons
 e - a +0 dagger (weapon)
 f - a +0 short sword
Armour
 a - a +0 robe (worn)
Jewellery
 d - a cursed ring of teleportation {unknown}
 j - an uncursed amulet of the acrobat {unknown}
Scrolls
 b - a scroll of identify {unknown}
Potions
 h - a potion of flight {unknown}
 i - a potion of berserk rage {unknown}
Comestibles
 c - 3 rations
 g - 5 chunks of flesh


   Skills:
 - Level 1.7 Dodging
 - Level 1.7 Stealth
 * Level 2.8 Spellcasting
 + Level 4.0 Conjurations


You had 4 spell levels left.
You knew the following spells:

 Your Spells              Type           Power        Failure   Level  Hunger
a - Magic Dart            Conj           ###.         2%          1    None
b - Searing Ray           Conj           ###...       4%          2    ##.....

Your spell library contained the following spells:

 Spells                   Type           Power        Failure   Level  Hunger
 Dazzling Spray           Conj/Hex       ##....       19%         3    ###....
 Iskenderun's Mystic Bla  Conj           ###.....     26%         4    ####...
 Force Lance              Conj/Tloc      ##......     52%         4    ####...
 Fulminant Prism          Conj/Hex       ##........   52%         4    ####...


Dungeon Overview and Level Annotations

Branches:
Dungeon (2/15)


Innate Abilities, Weirdness & Mutations

You have an increased reservoir of magic. (+10% MP)


Message History

There is a stone staircase leading up here.
The gnoll barely misses you. The gnoll closely misses you.
You climb upwards.
There is a stone staircase leading down, spattered with blood here.
The gnoll hits you. The gnoll hits you with a +0 flail!
* * * LOW HITPOINT WARNING * * *
You aren't carrying any items that you can evoke.
Casting: Magic Dart (safe; 2% risk of failure)
Confirm with . or Enter, or press ? or * to list all spells.
Aiming: Searing Ray (safe; 4% risk of failure)
Press: ? - help, Shift-Dir - straight line, f - gnoll
Aim: a gnoll The searing ray hits the gnoll.
The gnoll is severely wounded. (Press . to maintain the ray.)
The searing ray hits the gnoll.
The gnoll is severely wounded.
The gnoll hits you with a +0 flail!
You die...

#.#### #.# #....(... #....# #.#
#........
####.############.#######........
.g.....................##########
####g######.....÷.####..# # #.#
#.###########.# # #.#
#.......).....# #
#.#################..# ###### ##
#.........g.g@...##..## #...†# .#
################.##...# #.#### .#
#.##.#.# #.# # .# #.##.#.###.# #
.# #.##.......# ##
###########.####
###############...........#######
.................................
###############.#########..####.#


You could see 2 gnolls.

Vanquished Creatures
  A gnoll (D:1)
  2 dart slugs (D:1)
  A ball python (D:1)
  5 giant cockroaches
  5 goblins (D:1)
  2 hobgoblins
  A bat (D:1)
  4 frilled lizards
  3 kobolds (D:1)
  4 rats (D:1)
28 creatures vanquished.

Notes
Turn   | Place    | Note
-------+----------+-------------------------------------------
     0 | D:1      | Folks the Demigod Conjurer began the quest for the Orb.
     0 | D:1      | Reached XP level 1. HP: 14/14 MP: 5/5
   704 | D:1      | Reached XP level 2. HP: 20/20 MP: 7/7
   750 | D:1      | Learned a level 2 spell: Searing Ray
  1508 | D:1      | Reached skill level 4 in Conjurations
  1508 | D:1      | Reached XP level 3. HP: 11/26 MP: 3/10
  1591 | D:1      | Slain by a gnoll

Skill      XL: |  1  2 |
---------------+-------+-----
Spellcasting   | 2 |  2.8
Conjurations   | 4 |  4.0
Dodging        | |  1.7
Stealth        | |  1.7

Action                   || total
-------------------------++-------
Melee: Dagger            ||    81
       Unarmed           ||     5
 Cast: Magic Dart        ||    11
       Searing Ray       ||     4
 Stab: Sleeping          ||     5
  Eat: Chunk             ||     2
Armor: Robe              ||    16
Dodge: Dodged            ||    78
